 Dungeon Crawl Stone Soup version 0.18.1-48-g4cf74bf (webtiles) character file.

865 hairmachine the Spear-Bearer (level 7, -2/62 HPs)
             Began as a Minotaur Berserker on July 2, 2016.
             Was a Priest of Trog.
             Slain by an ice beast (5 damage)
             ... on level 5 of the Dungeon.
             The game lasted 00:11:01 (4172 turns).

hairmachine the Spear-Bearer (Minotaur Berserker)   Turns: 4172, Time: 00:11:02

Health: -2/62      AC:  6    Str: 19 (22) XL:     7   Next: 72%
Magic:  6/6        EV: 12    Int:  3 (4)  God:    Trog [***...]
Gold:   224        SH:  0    Dex:  9 (11) Spells: 0 memorised, 6 levels left

rFire  . . .     SeeInvis .     t - +2 trident (pain)
rCold  . . .     Gourm    .     i - +3 leather armour {rPois}
rNeg   . . .     Faith    .     (no shield)
rPois  +         Spirit   .     (helmet restricted)
rElec  .         Dismiss  .     (no cloak)
rCorr  .         Reflect  .     (no gloves)
SustAt .         Harm     .     (no boots)
MR     .....                    (no amulet)
Stlth  +.........               (no ring)
                                (no ring)

@: not resistant to hostile enchantments, very unstealthy
A: retaliatory headbutt, horns 2
a: Berserk, Trog's Hand, Burn Spellbooks, Renounce Religion


You were on level 5 of the Dungeon.
You worshipped Trog.
Trog was most pleased with you.
You were not hungry.

You visited 1 branch of the dungeon, and saw 5 of its levels.

You collected 224 gold pieces.

Inventory:

Hand Weapons
 t - a +2 trident of pain (weapon)
Armour
 i - a +3 leather armour of poison resistance (worn)
Jewellery
 p - an uncursed amulet of regeneration {unknown}
 y - a +2 ring of intelligence {unknown}
Wands
 a - a wand of acid (7/15)
Scrolls
 f - a scroll of enchant weapon {unknown}
 h - 8 scrolls of identify {unknown}
 j - 2 scrolls of amnesia {unknown}
 k - 5 scrolls of remove curse {unknown}
 l - a scroll of enchant armour {unknown}
 q - a scroll of teleportation {unknown}
 s - a scroll of random uselessness {unknown}
 u - 2 scrolls of magic mapping {unknown}
 x - a scroll of noise {unknown}
Potions
 d - a potion of degeneration
 e - 2 potions of might {unknown}
 m - a potion of curing {unknown}
 n - a potion of haste {unknown}
 r - a potion of heal wounds {unknown}
 v - a potion of cure mutation {unknown}
 z - a potion of ambrosia {unknown}
 A - a potion of magic {unknown}
Comestibles
 b - 6 fruits
 c - 3 bread rations
 g - 2 meat rations
 o - a slice of pizza
 w - 2 chunks of flesh


   Skills:
 + Level 5.8 Fighting
 + Level 9.1 Polearms
 + Level 5.0 Armour
 - Level 2.1 Dodging


You had 6 spell levels left.
You didn't know any spells.

Dungeon Overview and Level Annotations

Branches:
Dungeon (5/15)             Temple (0/1) D:4

Altars:
Ashenzari
Okawaru
Qazlal
Trog

Shops:
D:4 ?


Innate Abilities, Weirdness & Mutations

You reflexively headbutt those who attack you in melee.
You have a pair of horns on your head.


Message History

The ice beast is severely wounded.
The ice beast closely misses you.
You hit the ice beast but do no damage.
The ice beast is severely wounded.
The ice beast hits you. The ice beast freezes you!
You barely miss the ice beast.
The ice beast is severely wounded.
The ice beast hits you.
* * * LOW HITPOINT WARNING * * *
The ice beast freezes you!
* * * LOW HITPOINT WARNING * * *
You are no longer corroded.
Drink which item? (? for menu, Esc to quit)
It was a potion of degeneration.
There was something very wrong with that liquid.
You feel weakened.
You feel dopey.
You feel clumsy. The ice beast hits you.
* * * LOW HITPOINT WARNING * * *
The ice beast freezes you.
You die...

####.#.....#
#..$...#
#.##.#.#
###.#..#.#
#...#.##.#
#.#...##.###
#..........#
#..#.Y...#.#
##...@#....#
#.#.....#.#
#.....#...#
###..######
#.## #.# #.#
### ####.###
##.###......#


You could see an ice beast.

Vanquished Creatures
  2 ice beasts (D:5)
  The ghost of Rationalist the Shield-Bearer, an amateur MiFi (D:3)
  A centaur (D:5)
  3 crimson imps (D:5)
  A jelly (D:5)
  An orc priest (D:4)
  A hound (D:3)
  A centaur skeleton (D:4)
  Ijyb (D:2)
  An orc wizard (D:4)
  2 worker ants (D:4)
  2 hound skeletons (D:4)
  A gnoll (D:4)
  7 adders
  5 worms
  A dart slug (D:1)
  8 orcs
  11 bats
  4 giant cockroaches
  5 goblins
  8 hobgoblins
  7 jackals
  A quokka (D:5)
  A ball python (D:1)
  A giant gecko skeleton (D:4)
  2 giant newts
  A jackal zombie (D:5)
  8 kobolds
  9 rats
97 creatures vanquished.

Notes
Turn   | Place    | Note
--------------------------------------------------------------
     0 | D:1      | hairmachine the Minotaur Berserker began the quest for the Orb.
     0 | D:1      | Reached XP level 1. HP: 19/19 MP: 0/0
    59 | D:1      | Reached skill level 4 in Polearms
   232 | D:1      | Reached XP level 2. HP: 26/26 MP: 1/1
   873 | D:1      | Reached skill level 5 in Polearms
  1052 | D:1      | Reached XP level 3. HP: 29/31 MP: 2/2
  1120 | D:1      | Reached ** piety under Trog
  1413 | D:2      | Noticed Ijyb
  1425 | D:2      | Reached XP level 4. HP: 36/39 MP: 3/3
  1434 | D:2      | Killed Ijyb
  1434 | D:2      | Reached skill level 6 in Polearms
  2216 | D:3      | Noticed Rationalist's ghost (amateur MiFi)
  2242 | D:3      | Killed Rationalist's ghost
  2242 | D:3      | Reached skill level 7 in Polearms
  2242 | D:3      | Reached XP level 5. HP: 19/45 MP: 4/4
  2436 | D:3      | Reached skill level 8 in Polearms
  2538 | D:3      | Found a shattered altar of Ashenzari.
  2924 | D:4      | Reached XP level 6. HP: 51/52 MP: 5/5
  3203 | D:4      | Found a staircase to the Ecumenical Temple.
  3226 | D:4      | Found an iron altar of Okawaru.
  3227 | D:4      | Found a bloodstained altar of Trog.
  3234 | D:4      | Reached *** piety under Trog
  3602 | D:4      | Found a stormy altar of Qazlal.
  3644 | D:4      | Found Epauputz's Magic Scroll Emporium.
  3729 | D:5      | Entered Level 5 of the Dungeon
  3775 | D:5      | Noticed an ice beast
  3778 | D:5      | Killed an ice beast
  3778 | D:5      | Reached XP level 7. HP: 52/60 MP: 6/6
  3802 | D:5      | Reached skill level 5 in Fighting
  3862 | D:5      | Reached skill level 9 in Polearms
  4138 | D:5      | Reached skill level 5 in Armour
  4164 | D:5      | HP: 3/62 [ice beast (11)]
  4172 | D:5      | HP: 3/62 [ice beast (1)]
  4172 | D:5      | Slain by an ice beast

Skill      XL: |  1  2  3  4  5  6  7 |
---------------+----------------------+-----
Polearms       | 4 5 7 8 9 |  9.1
Fighting       | 4 5 |  5.8
Armour         | 3 5 |  5.0
Dodging        | |  2.1

Action                   |  1- 3 |  4- 6 |  7- 9 || total
-------------------------+-------+-------+-------++-------
Melee: Spear             |    75 |   100 |       ||   175
       Headbutt          |    10 |    20 |    12 ||    42
       Trident           |       |    56 |    48 ||   104
Invok: Berserk           |     1 |     1 |       ||     2
  Use: Potion            |       |       |     1 ||     1
 Stab: Sleeping          |     2 |       |       ||     2
  Eat: Chunk             |     3 |     8 |     1 ||    12
Armor: Animal skin       |     5 |       |       ||     5
       Leather armour    |       |    35 |     4 ||    39
Dodge: Dodged            |    43 |    62 |    17 ||   122
